 Dungeon Crawl Stone Soup version 0.19-a0-49-gb8736b8 (webtiles) character file.

30 M4edhros the Grave Robber (level 3, 0/21 HPs)
             Began as an Octopode Necromancer on May 6, 2016.
             Slain by Natasha (10 damage)
             ... on level 2 of the Dungeon.
             The game lasted 00:04:04 (445 turns).

M4edhros the Grave Robber (Octopode Necromancer)     Turns: 445, Time: 00:04:05

Health: 0/21       AC:  1    Str:  7    XL:     3   Next: 20%
Magic:  2/6        EV: 12    Int: 17    God:
Gold:   0          SH:  0    Dex: 13    Spells: 3 memorised, 1 level left

rFire  . . .     SeeInvis .       - Unarmed
rCold  . . .     Gourm    .     (no shield)
rNeg   . . .     Faith    .     (helmet restricted)
rPois  .         Spirit   .     (no amulet)
rElec  .         Dismiss  .     (no ring)
rCorr  .         Reflect  .     (no ring)
SustAt .         Harm     .     (no ring)
MR     .....                    (no ring)
Stlth  +++.......               (no ring)
                                (no ring)
                                (no ring)
                                (no ring)

@: slowed, very slow, not resistant to hostile enchantments, fairly stealthy
A: almost no armour, amphibious, 8 rings, constrict 8, camouflage 1, gelatinous
body 1
a: no special abilities


You were on level 2 of the Dungeon.
You were not hungry.

You visited 1 branch of the dungeon, and saw 2 of its levels.

Inventory:

Books
 a - a book of Necromancy

   Spells                             Type                      Level
   a - Pain                           Necromancy                   1
   b - Animate Skeleton               Necromancy                   1
   c - Vampiric Draining              Necromancy                   3
   d - Regeneration                   Charms/Necromancy            3
   e - Animate Dead                   Necromancy                   4
   f - Control Undead                 Necromancy                   4
Comestibles
 b - a bread ration
 c - a beef jerky
 f - a chunk of flesh


   Skills:
 - Level 2.0 Dodging
 - Level 2.6 Stealth
 + Level 2.7 Unarmed Combat
 - Level 2.0 Spellcasting
 - Level 4.0 Necromancy


You had one spell level left.
You knew the following spells:

 Your Spells              Type           Power        Failure   Level  Hunger
a - Pain                  Necr           ###.         3%          1    #......
b - Animate Skeleton      Necr           N/A          3%          1    #......
r - Regeneration          Chrm/Necr      #.........   24%         3    ###....


Dungeon Overview and Level Annotations

Branches:
Dungeon (2/15)

Altars:

Annotations:
D:2 Natasha


Innate Abilities, Weirdness & Mutations

You cannot wear most types of armour.
You are amphibious.
You can wear up to eight rings at the same time.
You can use your tentacles to constrict eight enemies at once.
Your skin changes colour to match your surroundings (Stealth).
Your rubbery body absorbs attacks (AC +1).


Message History

Natasha opens the large door.
You aren't carrying any potions.
You closely miss Natasha. Your grab misses Natasha. Natasha closely misses you.
Natasha casts a spell.
You closely miss Natasha. You grab Natasha. You squeeze Natasha.
Natasha is lightly wounded.
You constrict Natasha. Natasha claws you. The white imp spits at you.
Natasha misses you.
You tentacle-slap Natasha but do no damage.
You tentacle-slap Natasha.
Natasha is moderately wounded.
You constrict Natasha. Natasha claws you.
You tentacle-slap Natasha but do no damage.
You squeeze Natasha, but do no damage.
Natasha is heavily wounded.
You constrict Natasha. Natasha closely misses you.
The white imp puffs mist at you. Natasha claws you!
You die...

≈≈≈≈##≈≈≈≈≈##≈≈≈#
#†≈≈##≈≈####≈≈##
##. ##w≈##≈## ##≈#
#...#....#######.##
.........###..÷.##
.......).†.'....#
.........#.'...5#
.........###..wh##
#...#...≈#######@##
##.###≈≈≈#≈## ##≈#
#≈≈ ≈≈.##≈≈####≈≈##
.≈ ≈≈.##≈≈≈#≈≈#≈≈≈#
≈≈P.#≈≈≈≈#≈≈#≈≈.#
##≈≈≈≈#≈≈#≈.P#
#≈≈≈≈≈≈≈≈≈...#
##.P.≈≈≈.....P#
#≈..P.≈P...P.##


You could see a worm, Natasha and a white imp.

Vanquished Creatures
  An adder (D:2)
  A dart slug (D:2)
  A giant gecko (D:2)
  A giant cockroach (D:2)
  A goblin (D:2)
  A hobgoblin (D:1)
  3 jackals
  4 kobolds
  A bat (D:1)
  A giant newt (D:2)
  3 rats (D:2)
18 creatures vanquished.

Vanquished Creatures (others)
  A bat (D:1)
1 creature vanquished.

Grand Total: 19 creatures vanquished

Notes
Turn   | Place    | Note
--------------------------------------------------------------
     0 | D:1      | M4edhros the Octopode Necromancer began the quest for the Orb.
     0 | D:1      | Reached XP level 1. HP: 11/11 MP: 3/3
    86 | D:2      | Noticed Natasha
    95 | D:1      | Reached skill level 1 in Unarmed Combat
   158 | D:1      | Reached XP level 2. HP: 11/17 MP: 3/5
   165 | D:2      | Learned a level 1 spell: Animate Skeleton
   400 | D:2      | Reached XP level 3. HP: 3/21 MP: 2/6
   408 | D:2      | Learned a level 3 spell: Regeneration
   445 | D:2      | Slain by Natasha

Vault maps used:
D:1:      wheals_arrival_linesprint, lemuel_flame_loot_1
D:2:      wad_lake_hut, ecumenical_altar_2, nicolae_tso_carved_into_rock,
          uniq_natasha

Skill      XL: |  1  2 |
---------------+-------+-----
Unarmed Combat | 1 2 |  2.7
Dodging        | |  2.0
Stealth        | |  2.6
Spellcasting   | |  2.0
Necromancy     | |  4.0

Action                   || total
-------------------------++-------
Melee: Unarmed           ||    26
       Constrict         ||    10
       Tentacles         ||     8
       Punch             ||     1
 Cast: Pain              ||    19
       Regeneration      ||     2
  Use: Scroll            ||     2
 Stab: Sleeping          ||     1
Armor: Skin              ||     2
Dodge: Dodged            ||    15
